 Dungeon Crawl Stone Soup version 0.28.0-1-gb440e238dd (webtiles) character file.

Game seed: 3941110363294281060

172 Fallenstar the Covered (level 5, -6/47 HPs)
             Began as a Minotaur Fighter on Feb 19, 2022.
             Mangled by Natasha (7 damage)
             ... on level 3 of the Dungeon.
             The game lasted 00:05:47 (2315 turns).

Fallenstar the Covered (Minotaur Fighter)           Turns: 2315, Time: 00:05:48

Health: -6/47      AC:  7    Str: 22    XL:     5   Next: 27%
Magic:  4/4        EV:  9    Int:  5    God:
Gold:   118        SH:  4    Dex: 10    Spells: 4/4 levels left

rFire   . . .      SeeInvis .   a - +0 war axe
rCold   . . .      Faith    .   c - +0 buckler
rNeg    . . .      Spirit   .   b - +0 scale mail
rPois   .          Reflect  .   (helmet restricted)
rElec   .          Harm     .   (no cloak)
rCorr   .          Rampage  .   (no gloves)
Will    .....                   (no boots)
Stlth   ..........              (no amulet)
HPRegen 0.15/turn               (no ring)
MPRegen 0.09/turn               (no ring)

@: slowed, very slow
A: horns 2, retaliatory headbutt
a: no special abilities


You were on level 3 of the Dungeon.
You visited 1 branch of the dungeon, and saw 3 of its levels.

You collected 118 gold pieces.

Inventory:

Hand Weapons
 a - a +0 war axe (weapon)
Missiles
 m - 2 throwing nets (quivered)
Armour
 b - a +0 scale mail (worn)
 c - a +0 buckler (worn)
Scrolls
 e - a scroll of teleportation
Potions
 d - 2 potions of might
 f - a potion of attraction
 g - a potion of berserk rage {unknown}


   Skills:
 + Level 4.6 Fighting
 + Level 4.6 Axes
 + Level 4.6 Armour
 + Level 4.4 Shields


You had 4 spell levels left.
You didn't know any spells.
Your spell library contained the following spells:

 Spells                   Type           Power      Damage    Failure   Level
 Tukima's Dance           Hex            0%         N/A       99%         3
 Passage of Golubria      Tloc           0%         N/A       100%        4
 Yara's Violent Unravell  Hex/Tmut       0%         3d3       100%        5


Dungeon Overview and Level Annotations

Branches:
Dungeon (3/15)

Altars:

Annotations:
D:3 Natasha


Innate Abilities, Weirdness & Mutations

You have a pair of horns on your head.
You reflexively headbutt those who attack you in melee.


Message History

Natasha casts a spell at you. The magic dart hits you.
You closely miss Natasha.
Natasha is heavily wounded.
You slash the crimson imp!
You kill the crimson imp!
The crimson imp disappears in a puff of smoke!
Natasha claws you but does no damage.
You hit Natasha but do no damage.
Natasha is heavily wounded.
Natasha claws you!
You barely miss Natasha. Your headbutt misses Natasha.
Natasha is heavily wounded.
Natasha claws you.
Natasha stares at you and mumbles some strange words.
The magic dart hits you!
* * * LOW HITPOINT WARNING * * *
You barely miss Natasha.
Natasha is heavily wounded.
Natasha claws you.
* * * LOW HITPOINT WARNING * * *
Okay, then.
You barely miss Natasha.
Natasha is heavily wounded.
Natasha claws you.
* * * LOW HITPOINT WARNING * * *
You barely miss Natasha. Your headbutt misses Natasha.
Natasha is heavily wounded.
You block Natasha's attack.
You hit Natasha.
Natasha is severely wounded.
Natasha stares at you and mumbles some strange words.
You feel yourself slow down. Natasha casts a spell at you.
The magic dart hits you.
* * * LOW HITPOINT WARNING * * *
You barely miss Natasha.
Natasha is severely wounded.
Natasha claws you!
You die...

........##### #######.#######
..............
..................
#.#...######.#
#.######....###### # #<..# #.#
#....# ..#...# #.# #....#
#.....# #.# #....###### ###.#.#
#.######......)...
...#.######.###.#...#######†....
#####.........#h@..#.# #.....
#..#####..#..###.### #.....
##.## ..#..#.....# #..... #..#
..#..#.#.#.# #.....
####.####..#..#.#.#.#####.....
#.............................
#.###.##..##..#...#.#####..... #
#............##......##.....
#.##..........#.#.##.####.##


You could see Natasha.

Vanquished Creatures
  Natasha (twice) (D:3)
  4 adders
  A worm (D:2)
  3 dart slugs (D:1)
  10 endoplasms
  3 giant cockroaches
  4 goblins
  3 hobgoblins
  7 jackals
  10 kobolds
  2 quokkas (D:1)
  8 ball pythons
  7 bats
  2 frilled lizards
  7 rats
73 creatures vanquished.

Notes
Turn   | Place    | Note
-------+----------+-------------------------------------------
     0 | D:1      | Fallenstar the Minotaur Fighter began the quest for the
                  | Orb.
     0 | D:1      | Reached XP level 1. HP: 19/19 MP: 0/0
    85 | D:1      | Reached XP level 2. HP: 26/27 MP: 1/1
   303 | D:1      | Reached XP level 3. HP: 32/33 MP: 2/2
  1094 | D:2      | Reached XP level 4. HP: 18/40 MP: 3/3
  1984 | D:3      | Noticed Natasha
  1990 | D:3      | Killed Natasha
  2084 | D:3      | Reached XP level 5. HP: 41/47 MP: 4/4
  2145 | D:3      | Noticed Natasha
  2155 | D:3      | Killed Natasha
  2303 | D:3      | Noticed Natasha
  2314 | D:3      | HP: 1/47 [Natasha/magic dart (5)]
  2315 | D:3      | Mangled by Natasha

Illustrated notes

Levels and vault maps discovered:
D:1:      heliophobic_arrival_ceremonial_halls, layout_loops_ring,
          minmay_pentomino_q4
D:2:      layout_basic, dk_noncrumbling_3
D:3:      layout_basic, uniq_natasha

Skill      XL: |  1  2  3  4 |
---------------+-------------+-----
Fighting       | 4 |  4.6
Shields        | 4 |  4.4
Armour         | 4 |  4.6
Axes           | 3 4 |  4.6

Action                   |  1- 3 |  4- 6 || total
-------------------------+-------+-------++-------
Melee: War axe           |    90 |    58 ||   148
       Headbutt          |     9 |     6 ||    15
  Use: Scroll            |       |     4 ||     4
       Potion            |       |     4 ||     4
Armor: Scale mail        |    57 |    26 ||    83
Dodge: Dodged            |    45 |    17 ||    62
Block: Buckler           |    25 |    16 ||    41
